AoeStats
← Wiiner

Arena

510467408Analyzed
2v2 RM · 2d ago on Oct 1, 2026· 28m 54s· 4 players
Game mode
Random Map
Map size
Medium (4 player)
Population
200
Speed
Normal
Resources
Standard
Victory
Conquest
Starting age
Dark Age
Ending age
Imperial Age
RankedLock teamsTeams togetherTeam positionsShared explorationLock speedFull tech treeHidden civsTurbo modeCheats
Victory
Defeat
🇻🇳 Britons · Vietnam
960
+15
🇻🇳 Franks · Vietnam
854
+21
🇨🇳 Chinese · China
966
-19
🇨🇳 Saxons · China
918
-17
Market Blockers
10:05 Feudal Age
8:25 Loom
11:18 Loom
13:54 Castle Age
12:10 Double-Bit Axe
15:37 Horse Collar
25:16 Imperial Age
22:50 Gold Mining
23:52 Sanctity
24:06 Gambesons
24:23 Squires
24:09 Arson
25:12 Redemption
25:19 Devotion
26:27 Block Printing
26:39 Illumination
27:21 Theocracy
26:50 Clerical Recruitment
Tamerlane
0:28 Loom
10:32 Feudal Age
14:06 Castle Age
12:11 Double-Bit Axe
13:20 Horse Collar
15:16 Bow Saw
15:55 Wheelbarrow
16:54 Heavy Plow
20:53 Gold Mining
22:09 Stone Mining
25:07 Gold Shaft Mining
25:07 Stone Shaft Mining
24:28 Town Watch
28:10 Imperial Age
26:33 Forging
26:23 Scale Mail Armor
28:37 Iron Casting
28:17 Chain Mail Armor
28:12 Capped Ram
Pham Quang Nui
9:20 Feudal Age
15:26 Castle Age
14:23 Double-Bit Axe
16:29 Wheelbarrow
22:58 Fletching
24:17 Gold Mining
24:30 Padded Archer Armor
27:39 Bow Saw
28:55 Hand Cart
Wiiner
11:17 Feudal Age
15:41 Castle Age
14:20 Stone Mining
14:20 Double-Bit Axe
16:10 Fletching
20:33 Loom
21:00 Gold Mining
Connection lost

Rejoining the realm…

Still unreachable

The connection could not be restored.

Session expired

The server has moved on; the page needs a fresh start.